 Dungeon Crawl Stone Soup version 0.31-a0-188-g5e087ee2ca (webtiles) character file.

Game seed: 12406066373966002430

86 qw the Shooter (level 4, -1/25 HPs)
             Began as a Deep Elf Hunter on June 22, 2023.
             Slain by Grinder (5 damage)
             ... on level 3 of the Dungeon.
             The game lasted 00:00:27 (1314 turns).

qw the Shooter (Deep Elf Hunter)                    Turns: 1314, Time: 00:00:27

Health: -1/25      AC:  7    Str: 10    XL:     4   Next: 27%
Magic:  6/6        EV: 11    Int: 14    God:
Gold:   104        SH:  0    Dex: 18    Spells: 3/3 levels left

rFire   . . .        Y - +2 shortbow
rCold   . . .        (shield currently unavailable)
rNeg    . . .        g - +0 ring mail
rPois   .            i - +0 helmet
rElec   .            a - +0 cloak
rCorr   .            (no gloves)
SInv    .            (no boots)
Will    .....        (no amulet)
Stlth   +            (no ring)
HPRegen 0.24/turn    (no ring)
MPRegen 0.10/turn

%: no passive effects
@: no status effects
A: no striking features
a: no special abilities


You were on level 3 of the Dungeon.
You visited 1 branch of the dungeon, and saw 3 of its levels.

You collected 104 gold pieces.


   Skills:
 - Level 1.5 Fighting
 + Level 7.7 Ranged Weapons
 - Level 2.4 Dodging
 - Level 1.2 Stealth


You had 3 spell levels left.
You didn't know any spells.
Your spell library was empty.

Inventory:

Hand Weapons
 Y - a +2 shortbow (weapon)
Armour
 a - a +0 cloak (worn)
 g - a +0 ring mail (worn)
 i - a +0 helmet (worn)
Potions
 b - a potion of haste {unknown}
 c - a potion of might {unknown}

Dungeon Overview and Level Annotations

Branches:
Dungeon (3/15)

Altars:

Annotations:
D:3 Grinder


Message History

You climb downwards.
Level annotation: Grinder
There is a stone staircase leading up here.
You see here a gold piece.
You shoot an arrow. The arrow barely misses Grinder.
You shoot an arrow.
The arrow hits Grinder but does no damage.
Grinder says, "There's only one good use for a tongue: cutting it out."
Grinder gestures at you. Pain shoots through your body!
You shoot an arrow. The arrow hits Grinder.
Grinder is lightly wounded.
Grinder hits you.
You writhe in agony.
You shoot an arrow. The arrow closely misses Grinder.
Grinder barely misses you.
You shoot an arrow. The arrow hits Grinder.
Grinder is lightly wounded.
Grinder gestures at you.
You barely resist. You shoot an arrow. The arrow hits Grinder.
Grinder is moderately wounded.
Grinder gestures at you.
You barely resist. Grinder barely misses you.
You shoot an arrow. The arrow hits Grinder.
Grinder is moderately wounded.
Grinder barely misses you.
You shoot an arrow. The arrow hits Grinder.
Grinder is heavily wounded.
Grinder gestures at you.
You barely resist. You shoot an arrow. The arrow hits Grinder.
Grinder is heavily wounded.
Grinder hits you.
You writhe in agony.
An adder comes into view.
You shoot an arrow. The adder hisses angrily.
The arrow hits Grinder.
Grinder is heavily wounded.
Grinder hits you.
You writhe in agony.
You die...

..########
#.........
..<.......
#.........
#.........
#.........
##.....>...
#..<.......
#@.........
#.....5..........
......##.........
...... ##..######
..... ..## .....
... .S.. ...#
.... ..#


You could see Grinder and an adder.

Vanquished Creatures
  Natasha (D:2)
  A gnoll (D:1)
  3 adders (D:2)
  A worm (D:2)
  3 endoplasms
  2 goblins (D:2)
  2 hobgoblins
  5 kobolds
  5 ball pythons
  A bat (D:2)
  3 frilled lizards
  A rat (D:2)
28 creatures vanquished.

Notes
Turn   | Place    | Note
-------+----------+-------------------------------------------
     0 | D:1      | qw the Deep Elf Hunter began the quest for the Orb.
     0 | D:1      | Reached XP level 1. HP: 12/12 MP: 3/3
     0 | D:1      | 0 ||| qw: Version: 0.3-a-9-g12657ce
     0 | D:1      | 0 ||| qw: Game counter: 2843
     0 | D:1      | 0 ||| qw: Always use a shield: true
     0 | D:1      | 0 ||| qw: God list: Okawaru
     0 | D:1      | 0 ||| qw: Allow faded altars: false
     0 | D:1      | 0 ||| qw: Do Orc after D:15 true
     0 | D:1      | 0 ||| qw: Do second Lair branch before Depths: true
     0 | D:1      | 0 ||| qw: Lair rune preference: random
     0 | D:1      | 0 ||| qw: Plans: Normal
     0 | D:1      | 0 ||| PLANNING D:1-11
     2 | D:1      | Noticed a draconian
     2 | D:1      | Noticed a naga
     4 | D:1      | Noticed an armataur
     4 | D:1      | Noticed a vampire
     6 | D:1      | Noticed a demigod
     6 | D:1      | Noticed a human
     8 | D:1      | Noticed an ogre
     8 | D:1      | Noticed an elf
    10 | D:1      | Noticed an octopode
    12 | D:1      | Noticed a felid
    14 | D:1      | Noticed a tengu
    14 | D:1      | Noticed a spriggan
    16 | D:1      | Noticed a minotaur
    16 | D:1      | Noticed a formicid
    19 | D:1      | Noticed a troll
    19 | D:1      | Noticed a demonspawn
    21 | D:1      | Noticed a meteoran
    21 | D:1      | Noticed a ghoul
    23 | D:1      | Noticed a vine stalker
    23 | D:1      | Noticed a merfolk
    25 | D:1      | Noticed a troll
    27 | D:1      | Noticed a felid
    27 | D:1      | Noticed a tengu
   119 | D:1      | Reached skill level 6 in Ranged Weapons
   119 | D:1      | Reached XP level 2. HP: 16/16 MP: 4/4
   806 | D:1      | 806 ||| UPGRADING to +0 ring mail.
   816 | D:1      | 816 ||| DROPPING +0 leather armour.
   817 | D:1      | 817 ||| UPGRADING to +0 helmet.
   822 | D:1      | 822 ||| READING 2 scrolls labelled RORYPS WOULA.
   823 | D:1      | 823 ||| READING scroll of enchant weapon.
   823 | D:1      | 823 ||| ENCHANTING +1 shortbow.
   824 | D:1      | 824 ||| READING scroll labelled IGUJ GECWU.
   825 | D:1      | 825 ||| READING scroll labelled ATHUCE IRIV.
   826 | D:1      | 826 ||| DROPPING scroll of butterflies.
   854 | D:2      | Reached XP level 3. HP: 20/20 MP: 5/5
   972 | D:2      | Reached skill level 7 in Ranged Weapons
   982 | D:2      | 982 ||| FLEEEEING.
   983 | D:2      | 983 ||| FLEEEEING.
   984 | D:2      | 984 ||| FLEEEEING.
   985 | D:2      | 985 ||| FLEEEEING.
   986 | D:2      | 986 ||| FLEEEEING.
   987 | D:2      | 987 ||| FLEEEEING.
  1235 | D:2      | 1235 ||| UPGRADING to +0 cloak.
  1240 | D:2      | 1240 ||| READING scroll labelled QOINUA UTTE.
  1241 | D:2      | 1241 ||| READING scroll labelled GUIWIH WAHELEO.
  1242 | D:2      | 1242 ||| DRINKING 2 golden potions.
  1244 | D:2      | 1244 ||| Stepping ~*~*~tactically~*~*~ (cloud).
  1244 | D:2      | HP: 5/20 [poisoned by you (poison gas)]
  1245 | D:2      | 1245 ||| DRINKING potion of curing.
  1245 | D:2      | 1245 ||| (to cure poison)
  1273 | D:3      | Noticed Grinder
  1273 | D:3      | Noticed Natasha
  1276 | D:3      | 1276 ||| STAIRDANCE
  1281 | D:2      | Killed Natasha
  1282 | D:2      | Reached XP level 4. HP: 18/25 MP: 6/6
  1314 | D:3      | HP: 4/25 [Grinder (6)]
  1314 | D:3      | Slain by Grinder

Levels and vault maps discovered:
D:1:      kb_arrival_jail, layout_basic
D:2:      layout_rooms
D:3:      layout_rooms, minivault_23, minmay_misc_feat_iff, uniq_grinder,
          uniq_natasha

Skill      XL: |  1  2  3 |
---------------+----------+-----
Ranged Weapons | 6 7 |  7.7
Fighting       | |  1.5
Dodging        | |  2.4
Stealth        | |  1.2

Action                     |  1- 3 |  4- 6 || total
---------------------------+-------+-------++-------
   Fire: Shortbow          |    73 |    10 ||    83
    Use: Scroll            |     6 |       ||     6
         Potion            |     2 |       ||     2
 Armour: Leather armour    |     1 |       ||     1
         Ring mail         |     6 |       ||     6
  Dodge: Dodged            |     4 |     3 ||     7

Table legend:
 A = Non-vault XP
 B = Vault XP
 C = Vault XP percentage of total XP
 D = Non-vault monster count
 E = Vault monster count
 F = Vault count percentage of total count
                 A         B        C        D         E       F
            +---------+---------+-------+---------+---------+-------
      Total |      89 |      35 |  28.2 |      27 |       1 |   3.6
            +---------+---------+-------+---------+---------+-------
        D:1 |      25 |       0 |   0.0 |       9 |       0 |   0.0
        D:2 |      64 |      35 |  35.4 |      18 |       1 |   5.3
            +---------+---------+-------+---------+---------+-------
